Arrhythmia, chaotic female vampiric Convict ---- |..| ------------------------------ |..| -----------------.|...................||.....-- --.-----........(...................--------.---.....-- |...|........---------..............--- |...|......-- # ---%|.........| |.................--- ---.--......---.- ------# |......---.-- ---.......%...........| |....-...^..-..--- |..|..- ---.-.-|...| |.....................| --...............| --.....---- |..@--..-- |...................--- |..............----..|......| ---._...----- ---..................0 ----..............| |....-.....| ------......--.-- |.................-..-.....--..........| --^..---...| ---|..||...........| -.-...-----.....--*|.......|-..........----....--...| --.--..--..........-- # --..| --....| -.>.....--............|.[...-|...-- |...................### --.---- ---.---|.).%.--|...............--.--|...| |..........).......| |....--- |.^.|--.|.-| |...............|--- |...--- ----...........%..-- -----......-----.------.---.............--- --....| --............-- |...........<.............).............| |....| |...........-- |..^....----------.--------.............| --...| --..---.--..| ---..---- |..| --..--.---...-- ----- ---- ------- ---- |..| ------- --..| ---- ---- Arrhythmia the Jail-bird Experience level: 7 Strength: 18 Dexterity: 11 Constitution: 15 Intelligence: 12 Wisdom: 8 Charisma: 11 Health: 54(54) Energy: 44(44) AC: 6 Gold: 736 Moves: 2896 Your Inventory: Coins $ - 736 gold pieces Weapons u - 13 [cursed -1] arrows v - an [uncursed +0] bow w - 7 [uncursed +0] daggers Armor b - a cursed +0 striped shirt (being worn) i - a cursed +0 hooded cloak [dwarvish] (being worn) y - an [uncursed] +0 hard hat [dwarvish iron helm] (being worn) A - an [uncursed] +0 pair of hard shoes [iron] (being worn) Scrolls n - an [uncursed] scroll labeled ELAM EBOW [of flood] o - an [uncursed] scroll labeled SODALG [of create monster] Spellbooks m - an [uncursed] spellbook of haste self Potions t - a [blessed] pink potion [of object detection] Rings x - an [uncursed] topaz ring [of see invisible] Wands h - an [uncursed] wand of digging [0:6] Tools p - an [uncursed] bag called Regular [sack] r - an [uncursed] skeleton key B - an [uncursed] partly used [tallow] candle (lit) Gems s - 2 [uncursed] green gems [worthless glass] Iron balls c - an [uncursed] heavy iron ball (chained to you) Spells known in the end: Name Level Category Fail Memory a - haste self 3 escape 100% [||||||||] Your skills at the end: Fighting Skills Weapon Skills sling [Basic / Skilled] Spellcasting Skills Final Attributes: You were piously aligned. Hunger level was 766. Your alignment was 24 / 24. Monster difficulty range was 0 - 5. Level difficulty was 4. You were immune to poison. You were immune to level-drain. You were immune to sickness. You were punished. You could fly. You could survive without air. You regenerated. Your luck was zero. You survived. Vanquished creatures: a leprechaun a dog a water nymph a rock mole a pony 3 gnome lords a red naga hatchling a gray ooze a straw golem a kitten 5 dwarves a kobold lord a rothe a wererat 2 killer bees 3 hobbits 2 giant rats a cave spider a brown mold a yellow mold a green mold 29 gnomes a gnome zombie 2 geckos a jackal a fox a kobold 6 sewer rats 6 grid bugs 2 lichens 4 newts 84 creatures vanquished. Voluntary challenges: You went without food. You never hit with a wielded weapon. You read items or engraved 91 times. You put on armor 8 times. You never genocided any monsters. You never polymorphed an object. You never changed form. You used no wishes. You wrote Elbereth's name 44 times. You never encountered a bones level. You never used any Sokoban shortcuts. Dungeon overview: The Dungeons of Doom: levels 1 to 2 Level 1 a long staircase Level 2 (Negozio Est) stairs to The Gnomish Mines The Gnomish Mines: levels 3 to 4 Level 3 stairs to The Dungeons of Doom Level 4 <- You were here History has recorded: On T:1 you entered the Dungeons of Doom to retrieve the Amulet of Yendor! On T:314 you reached level 2 of The Dungeons of Doom. On T:345 you advanced to experience level 2. On T:767 you advanced to experience level 3. On T:1074 you reached level 1 of The Gnomish Mines. On T:1076 you advanced to experience level 4. On T:1089 you advanced to experience level 5. On T:1287 you advanced to experience level 6. On T:1531 you reached level 2 of The Gnomish Mines. On T:1857 you advanced to experience level 7. On T:2388 you lost a bag of holding in a magical explosion. Latest messages: [HP+1=54] Your surroundings suddenly seem different. You see here a pick-axe. The sewer rat bites! You hit the sewer rat. You kill the sewer rat! You see here a sewer rat corpse. The cave spider just misses! You hit the cave spider. You kill the cave spider! You see here a bag called Regular. p - a bag called Regular. You are almost hit by a crossbow bolt. The gnome wields a thonged club! You hit the gnome. You bite the gnome. You kill the gnome! There are several objects here. The sack is empty. Final status: Goodbye Arrhythmia the Convict... You quit in The Gnomish Mines on dungeon level 4 with 1566 points, and 736 pieces of gold, after 2896 moves. You were level 7 with a maximum of 54 hit points when you quit.